Map: Lerilak Crest

Players

LilDicky

  • Race: Terran Terran
  • League: Diamond

CptZero - Winner!

  • Race: Protoss Protoss

VOD

http://www.twitch.tv/tumescentpie

Description

Time

  • Played on: Nov. 28, 2015, 2:50 a.m.
  • Length: 7:55
Show
View Real Time Build Order
Export as new Build Order

LilDicky Terran 

Build Orders: MMM Bio 

Get SALT Encoding   

  12  0:01  SCV  
  13  0:13  SCV  
  14  0:17  Supply Depot  
  14  0:25  SCV  
  15  0:30  Refinery  
  15  0:39  SCV  
  16  0:46  Barracks  
  16  0:51  SCV  
  17  1:03  SCV  
  18  1:15  SCV  
  19  1:37  Marine  
  19  1:38  Supply Depot  
  21  1:41  Orbital Command  
  19  1:54  Factory, Marine  
  20  2:05  Barracks  
  20  2:08  Barracks  
  20  2:14  SCV  
  21  2:20  Refinery  
  21  2:28  Barracks Reactor  
  22  2:37  SCV  
  22  2:51  Widow Mine  
  22  2:52  Barracks Tech Lab  
  22  2:55  Barracks Tech Lab  
  24  3:09  Marine x2  
  24  3:10  SCV  
  27  3:13  Marine  
  27  3:14  Marine  
  27  3:15  Supply Depot, Stimpack, Combat Shields  
  28  3:25  Widow Mine  
  28  3:28  Marine x2  
  28  3:29  SCV  
  31  3:36  Marauder  
  31  3:39  Marauder  
  35  3:45  Supply Depot  
  35  3:46  Marine  
  36  3:50  Marine  
  37  4:03  Marauder  
  37  4:07  SCV, Marauder  
  42  4:17  Starport  
  42  4:19  SCV  
  43  4:26  Supply Depot  
  43  4:27  Marine  
  44  4:39  Marine  
  44  4:40  Marauder  
  44  4:42  Concussive Shells  
  47  4:51  Engineering Bay  
  47  4:55  SCV, Marine  
  47  4:57  Medivac  
  51  5:07  SCV  
  51  5:12  Marine x3  
  55  5:35  Missile Turret  
  53  5:47  Supply Depot  
  42  6:05  Starport Tech Lab  
  42  6:09  Marine x4  
  42  6:10  SCV  
  42  6:11  Missile Turret  
  47  6:14  Supply Depot  
  47  6:35  Raven  
  47  6:36  Hellion  
  51  6:41  Marine x2  
  53  6:52  Supply Depot  
  53  6:55  Marine  
  54  7:06  Hellion  
  56  7:17  Marine  
  57  7:30  Marine  
  57  7:31  Marauder  
Show
View Real Time Build Order
Export as new Build Order

CptZero Protoss - Winner!

Build Orders: Zealot Archon, Dark Templar Rush 

Get SALT Encoding   

  12  0:01  Probe (Chrono Boost)  
  13  0:11  Probe (Chrono Boost)  
  14  0:20  Pylon  
  14  0:22  Probe (Chrono Boost)  
  15  0:30  Assimilator  
  15  0:40  Gateway  
  15  0:43  Probe (Chrono Boost)  
  16  0:53  Probe (Chrono Boost)  
  16  0:55  Assimilator  
  18  1:04  Probe (Chrono Boost)  
  18  1:14  Probe (Chrono Boost)  
  19  1:25  Probe (Chrono Boost)  
  20  1:28  Cybernetics Core  
  20  1:35  Probe (Chrono Boost)  
  21  1:46  Probe (Chrono Boost)  
  22  1:54  Pylon  
  22  2:08  Pylon  
  22  2:09  Warp Gate  
  22  2:12  Mothership Core (Chrono Boost)  
  24  2:19  Forge  
  24  2:25  Pylon  
  24  2:33  Twilight Council  
  24  2:40  Probe (Chrono Boost)  
  25  2:56  Pylon, Photon Cannon  
  25  3:09  Dark Shrine  
  25  3:28  Charge (Chrono Boost)  
  25  3:34  Gateway  
  25  3:40  Gateway  
  25  3:51  Gateway  
  25  3:56  Gateway  
  25  4:06  Gateway  
  25  4:30  Pylon  
  25  4:49  Dark Templar  
  25  4:50  Dark Templar  
  29  4:54  Dark Templar x2  
  33  5:03  Zealot  
  35  5:11  Pylon  
  35  5:23  Dark Templar  
  33  5:58  Dark Templar x2  
  33  5:59  Zealot  
  33  6:00  Zealot x2  
  43  6:10  Archon  
  43  6:14  Archon  
  43  6:21  Zealot x2  
  43  6:22  Zealot  
  49  6:33  Zealot  
  49  6:34  Zealot  
  53  6:42  Zealot x3  
  59  6:56  Dark Templar x2  
  63  7:03  Dark Templar  
  65  7:12  Archon  
  65  7:15  Archon  
  65  7:22  Zealot x2  
  44  7:54  Zealot x3  
  44  7:55  Zealot x2  
Tags
 
Add a new tag
Caveats
  • Supply blocks, unpowered buildings, or Contaminate may cause inaccurate times.
  • Supply counts are checked every 10 seconds.